 Dungeon Crawl Stone Soup version 0.29-a0-1023-g6ae1a4a2c7 (webtiles) character file.

Game seed: 4065731966476542745

5028 KleinerIrrer the Fighter (level 10, -3/85 HPs)
             Began as an Octopode Fighter on Aug 11, 2022.
             Was an Initiate of Gozag.
             Slain by a troll (9 damage)
             ... on level 7 of the Dungeon.
             The game lasted 00:13:35 (7410 turns).

KleinerIrrer the Fighter (Octopode Fighter)         Turns: 7410, Time: 00:13:36

Health: -3/85      AC:  1    Str: 16    XL:     10   Next: 55%
Magic:  10/10      EV: 14    Int: 16    God:    Gozag
Gold:   707        SH:  5    Dex: 20    Spells: 9/9 levels left

rFire   + . .      SeeInvis .   o - +10 dagger of Painful Death {elec, rPois rC+ Str-5 Dex+9}
rCold   + . .      Faith    .   a - +0 buckler
rNeg    . . .      Spirit   .   (helmet restricted)
rPois   +          Reflect  .   H - amulet of the acrobat
rElec   .          Harm     .   f - ring of flight
rCorr   .          Rampage  .   u - ring of protection from fire
Will    .....                   A - +6 ring of strength
Stlth   +++.......              (no ring)
HPRegen 0.24/turn               (no ring)
MPRegen 0.12/turn               (no ring)
                                (no ring)
                                (no ring)

@: flying
A: almost no armour, amphibious, 8 rings, camouflage 1, gelatinous body 1,
(nimble swimmer 1), tentacles
a: Renounce Religion, Potion Petition, Call Merchant, Bribe Branch


You were on level 7 of the Dungeon.
You worshipped Gozag.
Gozag was pleased with you.
You visited 2 branches of the dungeon, and saw 9 of its levels.

You collected 837 gold pieces.
You paid 130 gold pieces to Gozag.

Inventory:

Hand Weapons
 k - the +8 war axe of Wariness {freeze, Dex+4}
   (You found it on level 2 of the Dungeon)

   It freezes those it strikes, dealing additional cold damage.
   It can also slow down cold-blooded creatures.
   Dex:       It affects your dexterity (+4).
 o - the +10 dagger of Painful Death (weapon) {elec, rPois rC+ Str-5 Dex+9}
   (You took it off a kobold on level 2 of the Dungeon)

   It occasionally discharges a powerful burst of electricity upon striking a
   foe.
   Str:       It affects your strength (-5).
   Dex:       It affects your dexterity (+9).
   rC:        It protects you from cold.
   rPois:     It protects you from poison.
Missiles
 n - 14 javelins (quivered)
 p - 4 atropa-tipped darts
 G - 3 throwing nets
Armour
 a - a +0 buckler (worn)
Jewellery
 f - a ring of flight (left tentacle)
 u - a ring of protection from fire (right tentacle)
 A - a +6 ring of strength (on tentacle)
 B - an amulet of regeneration
 H - an amulet of the acrobat (around mantle)
Wands
 C - a wand of roots (11)
 E - a wand of flame (42)
Scrolls
 d - a scroll of fog {unknown}
 g - 3 scrolls of brand weapon
 h - 2 scrolls of silence {unknown}
 q - 4 scrolls of noise
 s - 2 scrolls of teleportation {unknown}
 t - 2 scrolls of poison {unknown}
 w - 2 scrolls of immolation
 y - 2 scrolls of fear {unknown}
 D - 2 scrolls of torment {unknown}
 F - 2 scrolls of blinking {unknown}
Potions
 b - a potion of might
 c - a potion of haste
 e - a potion of curing
 i - 2 potions of resistance
 l - a potion of degeneration
 m - 2 potions of flight
 r - a potion of magic
 v - a potion of heal wounds
 x - a potion of cancellation
 z - 2 potions of mutation


   Skills:
 * Level 14.5 Fighting
 - Level 2.4 Short Blades
 + Level 2.0 Throwing
 - Level 3.0 Dodging
 - Level 3.0 Shields
 - Level 3.8 Unarmed Combat


You had 9 spell levels left.
You didn't know any spells.
Your spell library contained the following spells:

 Spells                   Type           Power      Damage    Failure   Level
 Blade Hands              Tmut           0%         N/A       100%        5
 Irradiate                Conj/Tmut      0%         3d11      100%        5
 Dragon Form              Tmut           0%         N/A       100%        7


Dungeon Overview and Level Annotations

Branches:
Dungeon (8/15)             Temple (1/1) D:7
   Lair: D:8-11

Altars:
Ashenzari
Cheibriados
Fedhas
Gozag
Makhleb
Okawaru
Qazlal
Sif Muna
Uskayaw
Yredelemnul

Annotations:
D:7 1 runed translucent door, PirateVox's ghost, novice DjCj


Innate Abilities, Weirdness & Mutations

You cannot wear most types of armour.
You are amphibious.
You can wear up to eight rings at the same time.
Your skin changes colour to match your surroundings (Stealth+).
Your rubbery body absorbs attacks. (AC +1, EV +1)
((You are camouflaged when in or above water. (Stealth+)))
You have tentacles for arms and can constrict up to eight enemies at once.


Message History

The yak is almost dead.
You hit the yak.
You kill the yak!
The troll closely misses you. The troll claws you. The troll claws you!
Your Throwing skill increases to level 2!
The troll completely misses you. The troll claws you!
* * * LOW HITPOINT WARNING * * *
The troll closely misses you.
You see here 22 gold pieces.
The troll misses you. The troll completely misses you. x2
The troll attacks as you move away! The troll misses you.
The troll completely misses you. You block the troll's attack.
The troll attacks as you move away! You block the troll's attack.
The troll barely misses you. The troll completely misses you.
The troll attacks as you move away! The troll completely misses you. x2
The troll misses you.
The troll is distracted by your dazzling golden aura.
You feel much better.
The troll is no longer distracted by gold.
You see here a +0 shortbow.
There is an open door here.
Items here: )) [[.
There is a stone staircase leading up here.
You fly upwards.
There is a stone staircase leading down here.
You start resting.
HP restored.
You fly downwards.
Level annotation: 1 runed translucent door, PirateVox's ghost, novice DjCj The troll bites you!
The troll claws you! x2
There is a stone staircase leading up, spattered with blood here.
You closely miss the troll. The troll bites you!! The troll claws you!
* * * LOW HITPOINT WARNING * * *
The troll claws you!
* * * LOW HITPOINT WARNING * * *
You puncture the troll!
The troll is lightly wounded.
The troll barely misses you. The troll closely misses you. The troll claws you!
You die...
Your body crumbles into a pile of gold.

### #.# ######.#
#......# ##...#.#
####@#.### #....T.[.#
####.#.#.############
#.#.#.............
#...#..###########
#####.T###########
##.>..........^
#.....#####.###
#.....'...#.###


You could see a troll.

Vanquished Creatures
  Pikel (D:7)
  7 yaks
  6 humans (D:8)
  2 steam dragons
  A water moccasin (D:5)
  A black bear (D:6)
  2 ice beasts
  2 ogres
  A lemure (D:7)
  3 centaurs
  2 phantoms (D:5)
  A gnoll sergeant (D:8)
  4 bullfrogs
  2 scorpions
  4 wights (D:7)
  7 hounds
  A gnoll bouda (D:7)
  3 orc priests
  2 jellies
  6 iguanas
  Jessica (D:3)
  3 orc wizards (D:8)
  Terence (D:3)
  7 gnolls
  8 adders
  A shadow imp (D:6)
  2 white imps (D:6)
  3 ufetubi (D:5)
  A worm (D:2)
  4 dart slugs
  10 orcs
  An endoplasm (D:1)
  2 giant cockroaches (D:1)
  12 goblins
  13 hobgoblins
  11 kobolds
  7 quokkas
  3 ball pythons
  9 bats
  3 frilled lizards
  7 rats
167 creatures vanquished.

Notes
Turn   | Place    | Note
-------+----------+-------------------------------------------
     0 | D:1      | KleinerIrrer the Octopode Fighter began the quest for the
                  | Orb.
     0 | D:1      | Reached XP level 1. HP: 16/16 MP: 1/1
   328 | D:1      | Reached XP level 2. HP: 17/21 MP: 2/2
   722 | D:1      | Reached XP level 3. HP: 26/26 MP: 3/3
   972 | D:1      | Found a faded altar of an unknown god.
  1265 | D:2      | Identified the +8 war axe of Wariness {freeze, Dex+4}
  1487 | D:2      | Reached XP level 4. HP: 31/31 MP: 4/4
  1635 | D:2      | Identified the +10 dagger of Painful Death {elec, rPois rC+
                  | Str-5 Dex+9}
  1644 | D:2      | Reached skill level 4 in Fighting
  2126 | D:3      | Reached XP level 5. HP: 31/38 MP: 5/5
  2299 | D:3      | Noticed Terence
  2308 | D:3      | Killed Terence
  2363 | D:3      | Noticed Jessica
  2370 | D:3      | Killed Jessica
  2371 | D:3      | Reached skill level 1 in Short Blades
  2541 | D:3      | Found a stormy altar of Qazlal.
  2639 | D:4      | Found a blossoming altar of Fedhas.
  2642 | D:4      | Noticed an ogre
  2653 | D:4      | Killed an ogre
  2654 | D:4      | Reached skill level 5 in Fighting
  2654 | D:4      | Reached XP level 6. HP: 33/45 MP: 6/6
  3042 | D:4      | Found an iron altar of Okawaru.
  3135 | D:5      | Entered Level 5 of the Dungeon
  3192 | D:5      | Reached skill level 6 in Fighting
  3273 | D:5      | Reached XP level 7. HP: 45/52 MP: 7/7
  3311 | D:5      | Found a burning altar of Makhleb.
  3361 | D:5      | Reached skill level 7 in Fighting
  3494 | D:5      | Found a broken altar of Ashenzari.
  3600 | D:5      | Reached skill level 8 in Fighting
  3610 | D:5      | Reached XP level 8. HP: 60/62 MP: 8/8
  3874 | D:5      | Noticed a blizzard demon
  3877 | D:5      | Noticed a ynoxinul
  3877 | D:5      | Noticed a ynoxinul
  3965 | D:6      | Reached skill level 9 in Fighting
  4559 | D:6      | Reached skill level 10 in Fighting
  4999 | D:7      | Found a staircase to the Ecumenical Temple.
  5005 | Temple   | Entered the Ecumenical Temple
  5016 | Temple   | Became a worshipper of Gozag Ym Sagoz the Greedy
  5091 | D:7      | Noticed Pikel
  5110 | D:7      | Killed Pikel
  5111 | D:7      | Reached skill level 11 in Fighting
  5111 | D:7      | Reached XP level 9. HP: 44/72 MP: 9/9
  5657 | D:7      | Reached skill level 12 in Fighting
  6021 | D:7      | Found a runed translucent door.
  6022 | D:7      | Noticed PirateVox's ghost (novice DjCj)
  6342 | D:8      | Found a basalt altar of Yredelemnul.
  6583 | D:8      | Found a hide-covered altar of Uskayaw.
  6682 | D:8      | Reached skill level 13 in Fighting
  6706 | D:8      | Reached skill level 1 in Throwing
  6706 | D:8      | Reached XP level 10. HP: 64/82 MP: 10/10
  6734 | D:8      | Reached skill level 14 in Fighting
  7410 | D:7      | Slain by a troll

Illustrated notes

Levels and vault maps discovered:
D:1:      mrwooster_arrival_statue_3, layout_basic,
          shapermc_ecumenical_altar_acropolis
D:2:      minmay_alternating_diamond, layout_loops_ring
D:3:      layout_rooms, nicolae_qazlal_eye_of_the_storm, uniq_jessica,
          uniq_terence
D:4:      layout_basic, mainiacjoe_overflow_catch_the_wave,
          minmay_fractal_squares_5
D:5:      layout_cave_pools, mainiacjoe_overflow_chevrons,
          makhleb_altar_promises_db, ebering_dispersal_statue_hall
D:6:      layout_loops_cross
D:7:      layout_basic, minmay_temple_entry_enclosed_plants,
          ebering_ghost_inner_flame, minmay_misc_feat_rugged, uniq_pikel
D:8:      erik_cavepeople, layout_basic, hangedman_ru_absence,
          mainiacjoe_overflow_surrounded_room,
          mainiacjoe_overflow_cross_hatched, nicolae_overflow_crystal_walls,
          kb_rosetta
Temple:   nicolae_temple_god_jail

Skill      XL: |  1  2  3  4  5  6  7  8  9 10 |
---------------+-------------------------------+-----
Unarmed Combat | 3 |  3.8
Fighting       | 4 5 6 8 11 13 14 | 14.5
Short Blades   | 2 |  2.4
Throwing       | 1 2 |  2.0
Dodging        | |  3.0
Shields        | |  3.0

Action                   |  1- 3 |  4- 6 |  7- 9 | 10-12 || total
-------------------------+-------+-------+-------+-------++-------
Melee: Unarmed           |    63 |       |       |       ||    63
       Constrict         |    24 |    20 |    26 |     7 ||    77
       Punch             |     3 |     1 |     5 |     2 ||    11
       Tentacles         |    10 |     7 |    31 |    13 ||    61
       War axe           |     8 |    15 |       |       ||    23
       Dagger            |       |    72 |   148 |    53 ||   273
Throw: Javelin           |       |       |     8 |       ||     8
  Use: Scroll            |       |     2 |       |     7 ||     9
       Potion            |       |       |       |     5 ||     5
 Stab: Sleeping          |     9 |    12 |     8 |       ||    29
       Distracted        |       |     1 |       |       ||     1
Armor: Skin              |    11 |     3 |     7 |       ||    21
Dodge: Dodged            |    36 |    42 |    59 |    45 ||   182
Block: Buckler           |    12 |    21 |    28 |    11 ||    72

Table legend: (Time is in decaauts)
 A = Elapsed time spent in this place.
 B = Non-inter-level travel time spent in this place.
 C = Inter-level travel time spent in this place.
 D = Time resting spent in this place.
 E = Time spent auto-exploring this place.
 F = Levels seen in this place.
 G = Mean time per level.
                   A        B        C        D        E       F      G
               +--------+--------+--------+--------+--------+-----+--------+
         Total |   7386 |   7183 |    203 |    731 |   5286 |   9 |  820.7 |
       Dungeon |   7365 |   7170 |    195 |    731 |   5282 |   8 |  920.6 |
        Temple |     20 |     12 |      8 |      0 |      4 |   1 |   20.0 |
               +--------+--------+--------+--------+--------+-----+--------+

Top non-repeatable levels by time:
     D:7: 1228 daAuts
     D:6: 1134 daAuts
     D:1: 1123 daAuts
     D:8: 1044 daAuts
     D:2: 905 daAuts
     D:5: 815 daAuts
     D:3: 565 daAuts
     D:4: 549 daAuts
  Temple: 20 daAuts
